AoeStats
← calvindukelb

Arabia

510186794Analyzed
3v3 RM · 2d ago on Sep 29, 2026· 53m 26s· 6 players
Game mode
Random Map
Map size
Normal (6 player)
Population
200
Speed
Normal
Resources
Standard
Victory
Conquest
Starting age
Dark Age
Ending age
Imperial Age
RankedLock teamsTeams togetherTeam positionsShared explorationLock speedFull tech treeHidden civsTurbo modeCheats
Victory
Defeat
🇪🇸 Franks · Spain
778
+15
🇷🇸 Byzantines · Serbia
666
+16
🇺🇸 Inca · United States
514
+22
🇩🇪 Khmer · Germany
859
-83
🇩🇪 Romans · Germany
616
-15
🇩🇪 Franks · Germany
520
-11
zLxgends-
16:39 Feudal Age
18:32 Wheelbarrow
19:06 Double-Bit Axe
27:18 Castle Age
25:27 Gold Mining
25:30 Stone Mining
28:08 Husbandry
33:04 Hand Cart
34:38 Scale Barding Armor
34:35 Scale Mail Armor
34:48 Forging
37:15 Imperial Age
36:45 Coinage
36:17 Caravan
37:05 Gold Shaft Mining
37:20 Cavalier
40:52 Paladin
G!N0 C@$!N0
10:35 Feudal Age
11:01 Horse Collar
11:07 Double-Bit Axe
13:07 Wheelbarrow
18:52 Loom
19:13 Loom
19:48 Gold Mining
19:49 Stone Mining
25:53 Castle Age
23:16 Man-at-Arms
26:57 Hand Cart
27:34 Gold Shaft Mining
27:02 Caravan
27:15 Bow Saw
32:28 Ballistas
33:29 Ballistics
35:10 Heavy Plow
37:53 Imperial Age
37:19 Coinage
37:05 Husbandry
37:16 Bloodlines
37:03 Fletching
37:23 Forging
37:13 Scale Mail Armor
39:16 Siege Engineers
39:07 Murder Holes
40:15 Chemistry
38:58 Pikeman
40:36 Squires
39:56 Halberdier
calvindukelb
20:05 Feudal Age
27:21 Castle Age
26:18 Double-Bit Axe
26:31 Gold Mining
26:32 Stone Mining
26:53 Man-at-Arms
28:10 Long Swordsman
43:11 Crossbowman
51:02 Husbandry
FreshlySqueezed
2:07 Loom
13:29 Feudal Age
13:43 Feudal Age
19:23 Castle Age
17:51 Double-Bit Axe
17:51 Horse Collar
17:58 Horse Collar
19:13 Gold Mining
19:18 Stone Mining
22:03 Heavy Plow
22:18 Bow Saw
24:33 Wheelbarrow
25:37 Treadmill Crane
27:16 Hand Cart
27:26 Heavy Plow
28:29 Town Watch
30:13 Andean Sling
31:14 Town Patrol
31:49 Thumb Ring
32:43 Gold Shaft Mining
33:01 Fletching
33:11 Padded Archer Armor
34:13 Forging
34:03 Scale Mail Armor
34:49 Fortified Wall
35:02 Ballistics
35:35 Stone Shaft Mining
40:23 Imperial Age
41:38 Elite Kamayuk
42:41 Conscription
42:44 Capped Ram
44:19 Fabric Shields
45:33 Iron Casting
45:14 Chain Mail Armor
Seeker
Magno
9:45 Feudal Age
10:23 Double-Bit Axe
15:59 Loom
19:36 Fletching
22:01 Castle Age
20:59 Gold Mining
21:00 Stone Mining
22:05 Crossbowman
23:27 Husbandry
24:34 Bow Saw
25:13 Scale Barding Armor
25:04 Bodkin Arrow
26:53 Padded Archer Armor
27:16 Chain Barding Armor
31:16 Gold Shaft Mining
32:57 Wheelbarrow
34:54 Imperial Age
33:02 Forging
34:44 Leather Archer Armor
35:06 Iron Casting
36:02 Masonry
35:20 Cavalier
40:13 Plate Barding Armor
40:39 Blast Furnace
40:40 Scale Mail Armor
42:14 Chivalry
42:05 Cranequins
42:06 Elite Skirmisher
42:17 Paladin
51:14 Chain Mail Armor
Connection lost

Rejoining the realm…

Still unreachable

The connection could not be restored.

Session expired

The server has moved on; the page needs a fresh start.